 Dungeon Crawl Stone Soup version 0.21-a0-135-g8dc100c (webtiles) character file.

2491 Kythnos the Covert (level 9, 0/43 HPs)
             Began as a Spriggan Enchanter on July 17, 2017.
             Was a Believer of Dithmenos.
             Slain by a hippogriff (6 damage)
             ... on level 8 of the Dungeon.
             The game lasted 00:41:56 (10974 turns).

Kythnos the Covert (Spriggan Enchanter)            Turns: 10974, Time: 00:41:59

Health: 0/43       AC:  4    Str:  6    XL:     9   Next: 27%
Magic:  26/29      EV: 20    Int: 17    God:    Dithmenos [**....]
Gold:   407        SH:  0    Dex: 17    Spells: 10/22 levels left

rFire    + . .     SeeInvis +   l - +4 dagger (freeze)
rCold    . . .     Gourm    .   (shield restricted)
rNeg     . . .     Faith    .   j - +2 robe {MR+}
rPois    .         Spirit   .   (helmet restricted)
rElec    .         Reflect  .   (no cloak)
rCorr    .         Harm     .   (gloves unavailable)
MR       ++...                  (boots unavailable)
Stlth    +++++++...             (no amulet)
HPRegen  0.14/turn              u - ring of magical power
MPRegen  0.21/turn              e - ring of protection from fire

@: wreathed by umbra, very quick
A: unfitting armour, see invisible, herbivore 3, speed 3, slow metabolism 2
a: Shadow Step, Renounce Religion


You were on level 8 of the Dungeon.
You worshipped Dithmenos.
Dithmenos was pleased with you.
You were full.

You visited 2 branches of the dungeon, and saw 9 of its levels.

You collected 407 gold pieces.

Inventory:

Hand Weapons
 a - a +1 dagger
 l - a +4 dagger of freezing (weapon)
Missiles
 B - 2 throwing nets (quivered)
Armour
 j - a +2 robe of magic resistance (worn)
Jewellery
 b - a +3 ring of dexterity
 e - a ring of protection from fire (right hand)
 t - an uncursed amulet of magic regeneration {unknown}
 u - a ring of magical power (left hand)
 v - a cursed amulet of inaccuracy {unknown}
 C - an uncursed ring of magical power
 G - an uncursed ring of protection from fire
Wands
 w - a wand of confusion (21/48)
 y - a wand of acid (9/15)
 D - a wand of lightning (10/15)
Scrolls
 h - 2 scrolls of amnesia
 r - 6 scrolls of remove curse
 F - a scroll of fear
Potions
 c - a potion of might {unknown}
 f - a potion of cancellation {unknown}
 g - a potion of degeneration {unknown}
 i - 2 potions of ambrosia
 k - 2 potions of brilliance
 m - 2 potions of flight
 n - a potion of magic {unknown}
 o - 3 potions of resistance
 p - 2 potions of lignification {unknown}
 q - 3 potions of berserk rage
 s - 2 potions of haste {unknown}
 x - a potion of invisibility {unknown}
 z - 4 potions of curing {unknown}
Books
 A - a book of Frost

   Spells                             Type                      Level
   a - Freeze                         Ice                          1
   b - Throw Frost                    Conjuration/Ice              2
   c - Ozocubu's Armour               Charms/Ice                   3
   d - Throw Icicle                   Conjuration/Ice              4
   e - Summon Ice Beast               Ice/Summoning                4
Comestibles
 d - 6 bread rations


   Skills:
 + Level 2.4 Fighting
 + Level 3.7 Short Blades
 + Level 5.1 Dodging
 + Level 13.0 Stealth
 + Level 7.0 Spellcasting
 + Level 7.5 Hexes


You had 10 spell levels left.
You knew the following spells:

 Your Spells              Type           Power        Failure   Level  Hunger
a - Ensorcelled Hibernat  Hex/Ice        ###...       3%          2    None
b - Corona                Hex            ####...      1%          1    None
c - Confuse               Hex            ####....     1%          3    ##.....
d - Tukima's Dance        Hex            ####....     1%          3    ##.....
e - Dazzling Spray        Conj/Hex       ###...       8%          3    ##.....


Dungeon Overview and Level Annotations

Branches:
Dungeon (8/15)             Temple (1/1) D:4
   Lair: D:8-11

Altars:
Ashenzari
Cheibriados
Dithmenos
Elyvilon
Gozag
Hepliaklqana
Kikubaaqudgha
Makhleb
Nemelex Xobeh
Qazlal
Ru
Sif Muna
Trog
Vehumet
Wu Jian
Xom
Yredelemnul
Zin
Lugonu

Shops:
D:5 (   D:6 (!   D:7 [


Innate Abilities, Weirdness & Mutations

You are very small and have problems with some larger weapons.
You are too small for most types of armour.
You have supernaturally acute eyesight. (SInv)
You are a herbivore.
You cover ground extremely quickly.
You need consume almost no food.


Message History

The two-headed ogre is lightly wounded.
The two-headed ogre is dazzled.
The spray of energy hits the hippogriff.
The hippogriff is lightly wounded.
The hippogriff is dazzled.
The spray of energy hits the bullfrog.
The bullfrog is lightly wounded.
The bullfrog closely misses you. The hippogriff bites you!
The hippogriff closely misses you. The hippogriff completely misses you.
The bullfrog closely misses you.
Unknown command.
Unknown command.
Unknown command.
You hit the two-headed ogre. You freeze the two-headed ogre.
The two-headed ogre is lightly wounded.
The two-headed ogre hits you with a giant club!
The two-headed ogre barely misses you. The bullfrog barely misses you.
The hippogriff bites you!
* * * LOW HITPOINT WARNING * * *
The hippogriff completely misses you. The hippogriff claws you.
You die...

.....<..###
..........#
........#.#
..........#
######..#.## ##.#..##
##### ### #.#...####
...=#
).#####..#.....##H...#
#).........###..@Oh..#
#######....# ####F...#
## #...... ....# .#
#...... ....# ...#
#...... ....#
##...#..... ##### ##..
### . ...


You could see a two-headed ogre (blind), a hippogriff (blind), a bullfrog and a
howler monkey.

Vanquished Creatures
  Sigmund (D:3)
  An orc warrior (D:7)
  An ice beast (D:8)
  A black bear (D:7)
  4 ogres
  2 centaurs
  2 bullfrogs (D:6)
  Blork the orc (D:3)
  3 killer bees (D:7)
  2 centaur zombies (D:7)
  5 crimson imps
  A hound (D:8)
  A centaur skeleton (D:5)
  7 orc priests
  3 orc wizards
  A bullfrog skeleton (D:8)
  Terence (D:2)
  2 iguanas (D:7)
  6 worker ants
  A killer bee zombie (D:6)
  A mummy (D:6)
  A worker ant zombie (D:6)
  10 gnolls
  5 adders
  2 shadow imps
  An adder skeleton (D:5)
  2 adder zombies
  3 worms
  A dart slug (D:3)
  5 leopard geckos
  23 orcs
  4 bats
  A giant cockroach (D:3)
  4 goblins
  6 hobgoblins
  5 jackals
  5 kobolds
  4 quokkas
  4 frilled lizards
  7 rats
140 creatures vanquished.

Vanquished Creatures (collateral kills)
  An orc warrior (D:8)
  2 gnolls
3 creatures vanquished.

Vanquished Creatures (others)
  A dancing weapon (D:2)
1 creature vanquished.

Grand Total: 144 creatures vanquished

Notes
Turn   | Place    | Note
-------+----------+-------------------------------------------
     0 | D:1      | Kythnos the Spriggan Enchanter began the quest for the Orb.
     0 | D:1      | Reached XP level 1. HP: 9/9 MP: 5/5
   902 | D:1      | Reached XP level 2. HP: 13/13 MP: 7/7
   906 | D:1      | Learned a level 2 spell: Ensorcelled Hibernation
  1054 | D:2      | Noticed Terence
  1063 | D:2      | Killed Terence
  1063 | D:2      | Reached XP level 3. HP: 16/16 MP: 6/9
  1069 | D:2      | Learned a level 3 spell: Confuse
  1073 | D:2      | Learned a level 3 spell: Tukima's Dance
  1427 | D:2      | Found a bloodstained altar of Trog.
  1730 | D:2      | Reached skill level 5 in Hexes
  1732 | D:2      | Reached XP level 4. HP: 2/21 MP: 1/11
  2498 | D:3      | Noticed Sigmund
  2630 | D:3      | Noticed a centaur
  3133 | D:3      | Killed a centaur
  3133 | D:3      | Reached skill level 5 in Spellcasting
  3133 | D:3      | Reached XP level 5. HP: 24/24 MP: 9/13
  3345 | D:3      | Noticed a water elemental
  3403 | D:3      | Found a stormy altar of Qazlal.
  3404 | D:3      | Noticed a fire elemental
  3406 | D:3      | Noticed an air elemental
  3457 | D:3      | Killed Sigmund
  3457 | D:3      | Reached skill level 7 in Stealth
  3457 | D:3      | Reached XP level 6. HP: 28/28 MP: 4/14
  3679 | D:3      | Noticed Blork the orc
  3907 | D:3      | Killed Blork the orc
  3907 | D:3      | Reached skill level 8 in Stealth
  4016 | D:3      | Found a deep blue altar of Sif Muna.
  4121 | D:3      | Found a sparkling altar of Nemelex Xobeh.
  4285 | D:4      | Found a hazy altar of Hepliaklqana.
  4317 | D:4      | Found a staircase to the Ecumenical Temple.
  4327 | Temple   | Entered the Ecumenical Temple
  4377 | Temple   | Became a worshipper of Dithmenos the Shadowed
  4533 | D:4      | Reached XP level 7. HP: 32/32 MP: 15/15
  4584 | D:4      | Reached skill level 9 in Stealth
  4685 | D:4      | Learned a level 3 spell: Dazzling Spray
  5166 | D:5      | Entered Level 5 of the Dungeon
  5166 | D:5      | Found an ancient bone altar of Kikubaaqudgha.
  5179 | D:5      | Found Ginn's Weapon Shop.
  5337 | D:5      | Reached skill level 10 in Stealth
  5997 | D:5      | Found a shattered altar of Ashenzari.
  6011 | D:5      | Reached skill level 11 in Stealth
  6545 | D:5      | Found a burning altar of Makhleb.
  6545 | D:5      | Noticed a cacodemon
  6549 | D:5      | Noticed a hellwing
  6549 | D:5      | Noticed a smoke demon
  7039 | D:5      | Reached skill level 12 in Stealth
  7039 | D:5      | Reached XP level 8. HP: 16/36 MP: 16/16
  7467 | D:6      | Found Caepesit's Distillery.
  7618 | D:6      | Found Kuiwk's Weapon Boutique.
  8144 | D:6      | Found an opulent altar of Gozag.
  8862 | D:6      | Reached * piety under Dithmenos
  8887 | D:6      | Reached skill level 1 in Fighting
  9069 | D:6      | Found a snail-covered altar of Cheibriados.
  9690 | D:7      | Reached XP level 9. HP: 42/42 MP: 19/19
  9986 | D:7      | Found a shadowy altar of Dithmenos.
 10064 | D:7      | Found Tofippol's Armour Shop.
 10163 | D:7      | Reached ** piety under Dithmenos
 10803 | D:8      | Reached skill level 13 in Stealth
 10809 | D:8      | Reached skill level 5 in Dodging
 10969 | D:8      | Noticed a two-headed ogre
 10974 | D:8      | Slain by a hippogriff

Vault maps used:
D:1:      minmay_arrival_doors
D:2:      lightli_temple_of_fire, uniq_terence
D:3:      nicolae_qazlal_style_of_elements, nemelex_altar_shiori, first_bread,
          tgw_sif, uniq_sigmund
D:4:      old_standard_altar, temple_hall
D:5:      makhleb_altar_promises_db, lemuel_crystal_altar,
          evilmike_ruin_ashenzari, serial_shops, nicolae_shop_statue_plus,
          hangedman_decor_peaks_small
D:6:      grunt_gozag_breadcrumbs, slow_altar_2, serial_shops,
          nicolae_shop_temple_entry_statues_fountains,
          nicolae_shop_competitors_out_of_business, feat_on_display,
          uniq_blork_the_orc
D:7:      serial_shops, shop, grunt_ogre_cave, grunt_dithmenos_smoke_and_mirrors
D:8:      kennysheep_little_box
Temple:   kb_corrupted_temple

Skill      XL: |  1  2  3  4  5  6  7  8  9 |
---------------+----------------------------+-----
Spellcasting   | 3 4 5 6 7 |  7.0
Hexes          | 4 5 6 7 |  7.5
Stealth        | 7 8 12 13 | 13.0
Short Blades   | 3 |  3.7
Fighting       | 2 |  2.4
Dodging        | 4 5 |  5.1

Action                   |  1- 3 |  4- 6 |  7- 9 || total
-------------------------+-------+-------+-------++-------
Melee: Dagger            |    54 |    86 |   247 ||   387
 Cast: Corona            |     5 |       |       ||     5
       Ensorcelled Hiber |     4 |     8 |    27 ||    39
       Tukima's Dance    |     4 |       |     4 ||     8
       Confuse           |       |    18 |    30 ||    48
       Dazzling Spray    |       |       |    30 ||    30
  Use: Scroll            |     4 |     4 |     9 ||    17
       Potion            |       |     2 |       ||     2
 Stab: Sleeping          |     7 |    16 |    32 ||    55
       Distracted        |     1 |       |       ||     1
       Confused          |       |     7 |    11 ||    18
       Invisible         |       |       |     5 ||     5
  Eat: Fruit             |       |     4 |       ||     4
       Royal jelly       |       |       |     4 ||     4
       Bread ration      |       |       |     1 ||     1
Armor: Robe              |     4 |     4 |    13 ||    21
Dodge: Dodged            |    36 |    61 |   175 ||   272
